 Dungeon Crawl Stone Soup version 0.15-a0-183-gc0cdb55 (webtiles) character file.

1405 PolkaDot the Jinx (level 8, 0/55 (57) HPs)
             Began as a Vampire Enchanter on Apr 20, 2014.
             Slain by a gnoll
             ... wielding a +0,+0 spear
              (6 damage)
             ... on Level 4 of the Dungeon.
             The game lasted 00:26:39 (6253 turns).

PolkaDot the Jinx (Vampire Enchanter)               Turns: 6253, Time: 00:26:40

HP   0/55 (57)   AC  4     Str  7      XL: 8   Next:  3%
MP   8/13        EV 13     Int 17      God:
Gold 374         SH  0     Dex 16      Spells:  3 memorised,  5 levels left

rFire  . . .     SeeInvis +     r - +2,+0 cutlass
rCold  + . .     Clarity  +     b - +2 robe
rNeg   + + .     Conserve .     (no shield)
rPois  +         rCorr    .     (helmet restricted)
rElec  .         rRot     +     (no cloak)
SustAb . .       Spirit   .     (no gloves)
rMut   .         Warding  .     (no boots)
Saprov . . .     Stasis   .     q - cursed amulet of clarity
MR     .....                    (no ring)
                                (no ring)

@: regenerating slowly, not resistant to hostile enchantments, quite stealthy
A: bottle blood, antennae 1, fangs 3, see invisible, robust 1, unbreathing
a: Bat Form, Bottle Blood


You were on level 4 of the Dungeon.
You were thirsty.

You visited 1 branch of the dungeon, and saw 7 of its levels.

You collected 374 gold pieces.

Inventory:

Hand weapons
 r - a +2,+0 cutlass (weapon)
Missiles
 d - 12 darts (quivered)
Armour
 a - the +5 leather armour of Beauty {Dex-3 Int+2, unknown}
   (You took it off a gnoll on level 4 of the Dungeon)

   It affects your intelligence (+2).
   It affects your dexterity (-3).
 b - a +2 robe (worn)
Magical devices
 j - a wand of draining (2) {unknown}
Scrolls
 g - 2 scrolls of remove curse
 k - 2 scrolls of fog
Jewellery
 q - a cursed amulet of clarity (around neck)
Potions
 e - 2 potions of brilliance
 i - a potion of cure mutation {!q}
 o - a potion of mutation {!q}
 p - 2 potions of restore abilities
Books
 c - a book of Maledictions

   Spells                             Type                      Level
   *Corona                            Hexes                        1
   Sure Blade                         Hexes/Charms                 2
   *Ensorcelled Hibernation           Hexes/Ice                    2
   *Confuse                           Hexes                        3
   Dazzling Spray                     Conjuration/Hexes            3
   Enslavement                        Hexes                        4


   Skills:
 + Level 5.2 Short Blades
 - Level 0.7 Throwing
 - Level 2.1 Dodging
 - Level 4.4 Stealth
 - Level 2.0 Spellcasting
 * Level 10.0 Hexes
 + Level 4.0 Ice Magic


You had 5 spell levels left.
You knew the following spells:

 Your Spells              Type           Power        Failure   Level  Hunger
a - Corona                Hex            #####..      1%          1    #......
c - Confuse               Hex            #####...     1%          3    ####...
d - Ensorcelled Hibernat  Hex/Ice        ####..       1%          2    ###....


Dungeon Overview and Level Annotations

Branches:
Dungeon (7/15)
 Temple: D:4-7

Altars:
Cheibriados
Elyvilon
Fedhas
Nemelex Xobeh
Sif Muna
Vehumet
Xom
Yredelemnul

Annotations:
D:5 Blork the orc
D:7 casual's ghost, experienced DgTm


Innate Abilities, Weirdness & Mutations

You heal slowly.
You can bottle blood from corpses.
You have razor-sharp teeth.*
You have supernaturally acute eyesight.
You can survive without breathing.*
You have a pair of small antennae on your head.*
You are robust (+10% HP).


Message History

* * * LOW HITPOINT WARNING * * *
You see here a stone.
The gnoll throws a stone.
The stone misses you.
You see here a stone.
You start resting.
Casting: Ensorcelled Hibernation
Confirm with . or Enter, or press ? or * to list all spells.
Aiming: Ensorcelled Hibernation
Press: ? - help, Shift-Dir - straight line, f - gnoll
Aim: a gnoll, wielding a spear The gnoll looks drowsy...
The gnoll shouts!
The gnoll misses you.
Casting: Ensorcelled Hibernation
Confirm with . or Enter, or press ? or * to list all spells.
Aiming: Confuse
Press: ? - help, Shift-Dir - straight line, f/p - gnoll
Aim: a gnoll, wielding a spear The gnoll struggles to resist.
The gnoll hits you with a spear.
You die...

..# ##############'########g# ..#
####.........###...## ###..#
#####............##..)..###.sb.#
.......#..#......#[.....[##....#
.......#..#......#.......#.....#
....#..#..#..#.#.#%......#.(.g##
....#..####..#.#.##.....##....#
.#..#..#..#..#.#.###...###..###
.#..####..#.##.#@#########.##
.#..#..#..#..###.g(()...(..# ####
.####..#....####.########### #...
.#..#..#.........# #...
##..#........##### #...
.#..#........# #...
.#...........# #...
.#...........#################...
....###......................'...


You could see a gnoll.

Vanquished Creatures
  A sky beast (D:7)
  A phantom (D:4)
  4 ogres
  A killer bee (D:7)
  A crimson imp (D:4)
  An iguana (D:4)
  2 orc wizards (D:4)
  A giant frog skeleton (D:4)
  A hound (D:4)
  3 worker ants
  7 gnolls (D:4)
  5 adders
  A worm zombie (D:5)
  A worm (D:3)
  An adder skeleton (D:4)
  9 orcs
  5 giant cockroaches
  9 hobgoblins
  17 jackals
  4 quokkas
  A ball python (D:3)
  12 bats
  A giant gecko (D:4)
  2 giant newts (D:4)
  10 goblins
  12 kobolds
  A kobold skeleton (D:4)
  6 rats
120 creatures vanquished.

Notes
Turn   | Place    | Note
--------------------------------------------------------------
     0 | D:1      | PolkaDot, the Vampire Enchanter, began the quest for the Orb.
     0 | D:1      | Reached XP level 1. HP: 13/13 MP: 3/3
   306 | D:1      | Reached XP level 2. HP: 19/19 MP: 4/4
   310 | D:1      | Learned a level 2 spell: Ensorcelled Hibernation
  1123 | D:2      | Reached skill level 5 in Hexes
  1123 | D:2      | Reached XP level 3. HP: 22/24 MP: 0/6
  2020 | D:3      | Reached XP level 4. HP: 30/30 MP: 2/7
  2548 | D:3      | Reached skill level 1 in Ice Magic
  2695 | D:4      | Reached skill level 6 in Hexes
  2695 | D:4      | Reached XP level 5. HP: 9/35 MP: 9/9
  3064 | D:4      | Learned a level 3 spell: Confuse
  4152 | D:4      | You fall through a shaft for 3 floors!
  4153 | D:7      | Noticed a sky beast
  4159 | D:7      | Killed a sky beast
  4159 | D:7      | Reached skill level 7 in Hexes
  4159 | D:7      | Reached XP level 6. HP: 22/41 MP: 10/10
  4338 | D:7      | Noticed casual's ghost (experienced DgTm)
  4379 | D:5      | Entered Level 5 of the Dungeon
  4644 | D:5      | Noticed Blork the orc
  4762 | D:5      | Reached skill level 8 in Hexes
  4940 | D:5      | Found a shimmering altar of Xom.
  5036 | D:4      | Noticed an ogre
  5050 | D:4      | Killed an ogre
  5050 | D:4      | Reached XP level 7. HP: 46/46 MP: 7/12
  5192 | D:4      | Noticed a phantom
  5217 | D:4      | Killed a phantom
  5335 | D:4      | Noticed an ogre
  5345 | D:4      | Killed an ogre
  5345 | D:4      | Reached skill level 9 in Hexes
  5617 | D:4      | Reached skill level 5 in Short Blades
  5633 | D:4      | Noticed an ogre
  5664 | D:4      | Killed an ogre
  5750 | D:4      | Reached skill level 10 in Hexes
  5750 | D:4      | Reached XP level 8. HP: 23/52 MP: 1/13
  5768 | D:4      | Got a sapphire-encrusted leather armour
  5921 | D:4      | Found a basalt altar of Yredelemnul.
  5921 | D:4      | Found a white marble altar of Elyvilon.
  5922 | D:4      | Found a snail-covered altar of Cheibriados.
  5922 | D:4      | Found a blossoming altar of Fedhas.
  5923 | D:4      | Found a deep blue altar of Sif Muna.
  5924 | D:4      | Found a radiant altar of Vehumet.
  5924 | D:4      | Found a sparkling altar of Nemelex Xobeh.
  6161 | D:4      | Noticed an ogre
  6175 | D:4      | Gained mutation: You are robust (+10% HP). [potion of mutation]
  6175 | D:4      | Gained mutation: You have a pair of small antennae on your head. [potion of mutation]
  6253 | D:4      | Slain by a gnoll

Action                   |  1- 3 |  4- 6 |  7- 9 || total
-------------------------+-------+-------+-------++-------
Melee: Dagger            |   117 |    26 |       ||   143
       Cutlass           |       |    71 |   138 ||   209
Throw: Dart              |     4 |       |       ||     4
 Cast: Corona            |     3 |       |       ||     3
       Ensorcelled Hiber |    26 |    32 |    22 ||    80
       Confuse           |       |     3 |     4 ||     7
  Use: Potion            |     2 |     3 |     9 ||    14
       Scroll            |     2 |     8 |     3 ||    13
 Stab: Sleeping          |    20 |    32 |    17 ||    69
       Confused          |       |     2 |     2 ||     4
       Distracted        |       |     1 |       ||     1
